 Dungeon Crawl Stone Soup version 0.26-a0-104-gef3e9dd61f (webtiles) character file.

Game seed: 12566560730038389634

76 Gargoyl the Skirmisher (level 4, 0/38 HPs)
             Began as a Centaur Abyssal Knight on June 22, 2020.
             Was a Believer of Lugonu.
             Succumbed to an adder's poison
             ... on level 2 of the Dungeon.
             The game lasted 00:02:18 (2280 turns).

Gargoyl the Skirmisher (Centaur Abyssal Knight)     Turns: 2280, Time: 00:02:18

Health: 0/38       AC:  8    Str: 15    XL:     4   Next: 12%
Magic:  5/5        EV:  2    Int: 11    God:    Lugonu [**....]
Gold:   48         SH:  0    Dex:  9    Spells: 3/3 levels left

rFire    . . .     SeeInvis .   a - +1 hand axe
rCold    . . .     Gourm    .   (no shield)
rNeg     . . .     Faith    .   d - +0 plate armour
rPois    .         Spirit   .   (no helmet)
rElec    .         Reflect  .   (no cloak)
rCorr    .         Harm     .   (no gloves)
MR       .....                  (no barding)
Stlth    ..........             (no amulet)
HPRegen  0.12/turn              (no ring)
MPRegen  0.09/turn              (no ring)

@: lethally poisoned (0 -> -7), hasted, very quick
A: large, hooves 3, deformed body, speed 2, tough skin 3
a: Depart the Abyss, Bend Space, Renounce Religion


You were on level 2 of the Dungeon.
You worshipped Lugonu.
Lugonu was pleased with you.
You were not hungry.

You visited 1 branch of the dungeon, and saw 2 of its levels.
You visited the Abyss 1 time.

You collected 48 gold pieces.

Inventory:

Hand Weapons
 a - a +1 hand axe (weapon)
Armour
 d - a +0 plate armour (worn)
Jewellery
 h - an uncursed ring of flight {unknown}
Scrolls
 e - a scroll of enchant weapon {unknown}
 f - 2 scrolls of teleportation
 g - a scroll of enchant armour {unknown}
 j - a scroll of immolation {unknown}
 k - a scroll of remove curse {unknown}
Comestibles
 c - a ration


   Skills:
 + Level 3.5 Fighting
 + Level 2.3 Axes
 * Level 2.1 Armour
 * Level 1.2 Dodging
 * Level 2.4 Invocations


You had 3 spell levels left.
You didn't know any spells.
Your spell library was empty.

Dungeon Overview and Level Annotations

Branches:
Dungeon (2/15)

Altars:


Innate Abilities, Weirdness & Mutations

You have hooves in place of feet.
Armour fits poorly on your strangely shaped body.
You cover ground very quickly.
You have extremely tough skin. (AC +3)


Message History

Lugonu accepts your kill.
You have reached level 4!
You feel stronger.
* * * LOW HITPOINT WARNING * * *
You feel sick.
* * * LOW HITPOINT WARNING * * *
You feel sick.
You see here a fizzy green potion.
b - a fizzy green potion It was a potion of magic.
Magic courses through your body.
* * * LOW HITPOINT WARNING * * *
You feel sick.
Unknown command.
* * * LOW HITPOINT WARNING * * *
You feel sick.
* * * LOW HITPOINT WARNING * * *
You feel sick.
* * * LOW HITPOINT WARNING * * *
You feel sick.
You die...

...# #.# ..## #.#
..###########.#
..#........##.#
..#.#.##...##.#
..+.........#
..#....†....#
#...........#######.#
.#...#..........@...#
.....#.#...##########
.#####.#...#
#......#...#
.########### ..# .##
#.# .##


There were no monsters in sight!

Vanquished Creatures
  3 adders
  An ooze (D:1)
  A worm (D:2)
  3 leopard geckos
  A giant cockroach (D:2)
  2 hobgoblins
  5 jackals
  6 kobolds
  A quokka (D:2)
  3 ball pythons
  3 bats
  2 frilled lizards
  3 goblins (D:1)
  7 rats (D:1)
41 creatures vanquished.

Notes
Turn   | Place    | Note
-------+----------+-------------------------------------------
     0 | Abyss:1  | Gargoyl the Centaur Abyssal Knight began the quest for the
                  | Orb.
     0 | Abyss:1  | Reached XP level 1. HP: 19/19 MP: 2/2
    66 | Abyss:2  | Noticed an iron imp
    71 | Abyss:3  | Noticed a ynoxinul
    71 | Abyss:3  | Noticed a raiju
    73 | Abyss:3  | Noticed a small abomination
    75 | Abyss:3  | Noticed a satyr
    75 | Abyss:3  | Noticed a wretched star
   119 | Abyss:3  | Noticed a large abomination
   128 | Abyss:3  | Noticed a sixfirhy
   131 | D:1      | Escaped the Abyss
   538 | D:1      | Reached * piety under Lugonu
   722 | D:1      | Reached XP level 2. HP: 26/26 MP: 3/3
  1014 | D:1      | Reached skill level 1 in Dodging
  1357 | D:1      | Reached XP level 3. HP: 31/31 MP: 4/4
  1708 | D:2      | Reached ** piety under Lugonu
  2266 | D:2      | Reached XP level 4. HP: 6/38 MP: 5/5
  2277 | D:2      | HP: 1/38 [poisoned by an adder]
  2280 | D:2      | Succumbed to an adder's poison

Illustrated notes

Levels and vault maps discovered:
D:1:      giann_wishing_wells, layout_basic
D:2:      minmay_evil_eye, layout_basic, minitemple, kennysheep_crisscross,
          item_on_display_b

Skill      XL: |  1  2  3 |
---------------+----------+-----
Axes           | 2 |  2.3
Dodging        | 1 |  1.2
Armour         | 2 |  2.1
Fighting       | |  3.5
Invocations    | |  2.4

Action                   |  1- 3 |  4- 6 || total
-------------------------+-------+-------++-------
Melee: Hand axe          |   126 |       ||   126
       Kick              |    21 |       ||    21
Invok: Depart the Abyss  |     1 |       ||     1
  Use: Scroll            |     2 |       ||     2
       Potion            |     1 |     1 ||     2
  Eat: Chunk             |     3 |       ||     3
Armor: Plate armour      |   106 |       ||   106
Dodge: Dodged            |    18 |       ||    18

Table legend:
 A = Non-vault XP
 B = Vault XP
 C = Vault XP percentage of total XP
 D = Non-vault monster count
 E = Vault monster count
 F = Vault count percentage of total count
                 A         B        C        D         E       F
            +---------+---------+-------+---------+---------+-------
      Total |     109 |       0 |   0.0 |      41 |       0 |   0.0
            +---------+---------+-------+---------+---------+-------
        D:1 |      58 |       0 |   0.0 |      27 |       0 |   0.0
        D:2 |      51 |       0 |   0.0 |      14 |       0 |   0.0
            +---------+---------+-------+---------+---------+-------
